 Dungeon Crawl Stone Soup version 0.20.0-10-g0535bb4 (webtiles) character file.

109813 tryptr the Executioner (level 16, -1/213 HPs)
             Began as a Minotaur Berserker on June 6, 2017.
             Was a High Priest of Trog.
             Slain by a 16-headed hydra (11 damage)
             ... on level 6 of the Lair of Beasts.
             The game lasted 01:06:15 (21494 turns).

tryptr the Executioner (Minotaur Berserker)        Turns: 21494, Time: 01:06:15

Health: -1/213     AC: 30    Str: 35    XL:     16   Next: 5%
Magic:  15/15      EV: 15    Int:  4    God:    Trog [*****.]
Gold:   2092       SH:  0    Dex: 14    Spells: 15/15 levels left

rFire    . . .     SeeInvis .   U - +11 halberd of Impatience {vamp, +Rage rN+}
rCold    + + .     Gourm    .   (shield currently unavailable)
rNeg     + . .     Faith    .   T - +8 chain mail "Nususson" {rC+ MR- Str+3}
rPois    .         Spirit   .   x - +2 hat
rElec    .         Reflect  .   B - +0 cloak
rCorr    +         Harm     .   J - +0 pair of gloves
MR       +....                  Y - +2 pair of boots
Stlth    ..........             z - amulet of regeneration {+regen, !d}
Regen    0.9/turn               g - ring of Optimism {rCorr Int+2}
MPRegen  0.2/turn               G - ring of protection from cold {rC+, !d}

@: berserking, quick
A: retaliatory headbutt, horns 2, iridescent scales 1, rugged brown scales 1,
dopey 1, magic resistance 1, strong 1, wild magic 1
a: Berserk, Trog's Hand, Brothers in Arms, Burn Spellbooks, Renounce Religion,
Evoke Berserk Rage


You were on level 6 of the Lair of Beasts.
You worshipped Trog.
Trog was extremely pleased with you.
You were near starving.

You visited 2 branches of the dungeon, and saw 21 of its levels.
You visited the Abyss 1 time.
You also visited: Ice Cave and Volcano.

You collected 2092 gold pieces.

Inventory:

Hand Weapons
 I - a +4 executioner's axe of freezing
   (Trog gifted it to you on level 2 of the Abyss)
 Q - a +2 vampiric broad axe {!w}
   (Trog gifted it to you in an ice cave)
 U - the +11 halberd of Impatience (weapon) {vamp, +Rage rN+}
   (Trog gifted it to you on level 3 of the Lair of Beasts)

   It inflicts no extra harm, but heals its wielder when it wounds a living foe.
   It protects you from negative energy.
   It lets you go berserk.
Armour
 n - the +6 plate armour of Teugical {rC+ Stlth+}
   (You found it on level 8 of the Dungeon)

   It protects you from cold.
   It makes you more stealthy.
 x - a +2 hat (worn)
   (You found it on level 8 of the Dungeon)
 B - a +0 cloak (worn)
   (You found it on level 13 of the Dungeon)
 J - a +0 pair of gloves (worn)
   (You found it on level 7 of the Dungeon)
 T - the +8 chain mail "Nususson" (worn) {rC+ MR- Str+3}
   (You found it on level 9 of the Dungeon)

   It affects your strength (+3).
   It protects you from cold.
   It affects your resistance to hostile enchantments.
 Y - a +2 pair of boots (worn)
   (You found it on level 12 of the Dungeon)
Jewellery
 b - an uncursed ring of resist corrosion
   (You found it on level 2 of the Dungeon)
 g - the ring of Optimism (left hand) {rCorr Int+2}
   (You found it on level 1 of the Lair of Beasts)

   [ring of resist corrosion]

   It affects your intelligence (+2).
 i - an uncursed ring of see invisible {sInv, !d}
   (You found it on level 15 of the Dungeon)
 m - an uncursed ring of stealth {Stlth+}
   (You found it on level 11 of the Dungeon)
 t - an uncursed ring of protection from fire {rF+, !d}
   (You found it on level 15 of the Dungeon)
 y - an uncursed ring of positive energy {rN+}
   (You found it on level 10 of the Dungeon)
 z - an amulet of regeneration (around neck) {+regen, !d}
   (You found it on level 8 of the Dungeon)
 C - a cursed amulet of inaccuracy {unknown}
   (You found it on level 6 of the Lair of Beasts)
 G - a ring of protection from cold (right hand) {rC+, !d}
   (You found it on level 14 of the Dungeon)
Wands
 A - a wand of lightning (8/15)
   (You found it on level 5 of the Lair of Beasts)
 K - a wand of enslavement (9/24)
   (You found it in an ice cave)
 P - a wand of digging (10/24)
   (You found it on level 1 of the Lair of Beasts)
Scrolls
 a - 4 scrolls of recharging
 d - a scroll of fear
 h - 16 scrolls of identify
 k - a scroll of immolation {unknown}
 l - a scroll of holy word {!r}
 o - 2 scrolls of teleportation
 q - 11 scrolls of remove curse
 r - 5 scrolls of enchant weapon
 s - 3 scrolls of silence
 v - 5 scrolls of enchant armour
 E - 3 scrolls of magic mapping {!r}
Potions
 e - 2 potions of heal wounds
 f - 2 potions of brilliance
 p - 3 potions of ambrosia
 u - 13 potions of curing
 D - a potion of magic
 F - 5 potions of flight
 H - 2 potions of might
 L - 2 potions of haste
 N - 3 potions of resistance
Miscellaneous
 w - a lamp of fire
   (You found it on level 12 of the Dungeon)
 M - a box of beasts
 O - a lightning rod (3/4)
   (You found it on level 8 of the Dungeon)
 Z - a crystal ball of energy
   (You found it on level 12 of the Dungeon)
Comestibles
 c - 18 bread rations {@e1}
 j - 16 meat rations {@e2}
 R - 9 chunks of flesh {@w0}
 S - 22 fruits
 X - 3 royal jellies


   Skills:
 + Level 11.4 Fighting
 + Level 25.8 Axes
 + Level 6.1 Throwing
 - Level 8.3 Armour
 + Level 10.1 Dodging


You had 15 spell levels left.
You didn't know any spells.

Dungeon Overview and Level Annotations

Branches:
Dungeon (15/15)            Temple (0/1) D:7            Lair (6/6) D:10
 Shoals (0/4) Lair:3       Spider (0/4) Lair:3        Slime (0/5) Lair:5
    Orc (0/2) D:10         Vaults (0/5) D:13         Depths (0/5) D:15

Altars:
Ashenzari
Dithmenos
Gozag
Hepliaklqana
Makhleb
Okawaru
Ru
Uskayaw
Yredelemnul
The Shining One
Jiyva
Lugonu

Portals:
Trove: D:12 (give +6 demon whip)

Annotations:
D:13 exclusion: oklob plant
D:14 Louise
Lair:1 exclusion: 3 oklob plants
Lair:2 exclusion: oklob plant


Innate Abilities, Weirdness & Mutations

You reflexively headbutt those who attack you in melee.
You have a pair of horns on your head.
You are partially covered in iridescent scales. (AC +2)
You are partially covered in rugged brown scales. (AC +1, +3% HP)
You are dopey. (Int -2)
You are resistant to hostile enchantments. (MR+)
Your muscles are strong. (Str +2)
Your spells are a little harder to cast, but a little more powerful.


Message History

The electric eel shoots out a bolt of lightning at you!
The bolt of electricity hits the plant. x2; The bolt of electricity hits you!
The 14-headed hydra barely misses you.
The 14-headed hydra bites you but does no damage. x2
The 14-headed hydra bites you.
The 14-headed hydra bites you but does no damage. x2
The 14-headed hydra misses you. The 14-headed hydra bites you.
The 14-headed hydra bites you but does no damage. x2
The 14-headed hydra bites you!
The 14-headed hydra bites you but does no damage. x3
The tyrant leech bites the plant!!
You take 16 damage, and have 66/142 hp.
The 14-headed hydra misses you. You furiously retaliate!
You headbutt the 14-headed hydra. The 14-headed hydra bites you!
The 14-headed hydra bites you but does no damage.
The 14-headed hydra bites you! The 14-headed hydra bites you.
* * * LOW HITPOINT WARNING * * *
The 14-headed hydra closely misses you. The 14-headed hydra barely misses you.
The 14-headed hydra closely misses you.
The 14-headed hydra bites you but does no damage. x3
The 14-headed hydra barely misses you. x2; The 14-headed hydra bites you.
* * * LOW HITPOINT WARNING * * *
A vampire mosquito comes into view.
You take 27 damage, and have 39/142 hp.
A red film seems to cover your vision as you go berserk!
You feel yourself moving faster!
You feel mighty!
You are near starving!
The 14-headed hydra barely misses you.
The 14-headed hydra bites you but does no damage.
The 14-headed hydra barely misses you. The 14-headed hydra closely misses you.
The 14-headed hydra misses you.
The 14-headed hydra bites you but does no damage. x2
The 14-headed hydra closely misses you. x3
The 14-headed hydra bites you but does no damage. x4
The tyrant leech bites the plant!!
A spiny frog comes into view.
You now have 59/213 hp.
You lop one of the 14-headed hydra's heads off!
The 13-headed hydra grows two more!
You impale the 15-headed hydra!!
You feel better.
The vampire mosquito completely misses the plant.
The 15-headed hydra barely misses you. x2
The 15-headed hydra completely misses you.
The 15-headed hydra closely misses you. The 15-headed hydra misses you.
The 15-headed hydra bites you but does no damage. x2
The 15-headed hydra barely misses you. The 15-headed hydra bites you! x2
* * * LOW HITPOINT WARNING * * *
The 15-headed hydra bites you but does no damage.
The 15-headed hydra barely misses you.
The 15-headed hydra bites you but does no damage.
The 15-headed hydra misses you. The 15-headed hydra bites you.
* * * LOW HITPOINT WARNING * * *
You take 9 damage, and have 50/213 hp.
Your unstable footing causes you to fumble your attack.
The vampire mosquito bites the plant!
The tyrant leech bites the plant!
You slice one of the 15-headed hydra's heads off!
The 14-headed hydra grows two more!
You slice the 16-headed hydra!!
You feel better.
You headbutt the 16-headed hydra.
The vampire mosquito bites the plant but does no damage.
The 16-headed hydra bites you but does no damage.
The 16-headed hydra closely misses you. The 16-headed hydra bites you.
* * * LOW HITPOINT WARNING * * *
The 16-headed hydra bites you but does no damage.
The 16-headed hydra barely misses you. The 16-headed hydra closely misses you.
The 16-headed hydra completely misses you.
The 16-headed hydra barely misses you.
The 16-headed hydra bites you but does no damage.
The 16-headed hydra bites you.
* * * LOW HITPOINT WARNING * * *
The 16-headed hydra bites you but does no damage.
The 16-headed hydra bites you.
* * * LOW HITPOINT WARNING * * *
The 16-headed hydra bites you but does no damage.
The 16-headed hydra bites you.
* * * LOW HITPOINT WARNING * * *
The 16-headed hydra bites you.
* * * LOW HITPOINT WARNING * * *
The 16-headed hydra bites you!
* * * LOW HITPOINT WARNING * * *
Your unstable footing causes you to fumble your attack.
The vampire mosquito bites the plant.
Your unstable footing causes you to fumble your attack.
The vampire mosquito bites the plant.
The tyrant leech bites the plant.
The 16-headed hydra bites you but does no damage. x3
The 16-headed hydra barely misses you.
The 16-headed hydra bites you but does no damage.
The 16-headed hydra barely misses you. The 16-headed hydra bites you.
* * * LOW HITPOINT WARNING * * *
The 16-headed hydra bites you.
* * * LOW HITPOINT WARNING * * *
The 16-headed hydra closely misses you.
The 16-headed hydra bites you but does no damage.
The 16-headed hydra completely misses you.
The 16-headed hydra bites you!
* * * LOW HITPOINT WARNING * * *
The 16-headed hydra bites you.
* * * LOW HITPOINT WARNING * * *
The 16-headed hydra bites you but does no damage.
The 16-headed hydra bites you!
You die...

≈≈≈≈####..≈≈≈≈≈≈≈≈≈≈≈≈≈≈≈≈≈≈≈...,
≈≈≈≈##.######≈≈..≈≈≈≈≈≈≈≈≈≈≈≈...#
≈≈≈≈≈≈≈####PP;P≈≈.≈≈≈≈≈≈≈≈≈≈.....
≈≈≈≈≈≈≈≈≈.≈P($|PP≈.≈≈≈≈≈≈≈≈.P.PP.
≈≈≈≈≈≈≈≈≈≈PP(|?)P≈≈≈≈≈≈≈≈≈≈......
P≈≈≈≈≈≈≈≈≈.PP!)?≈≈.≈≈≈≈≈≈≈≈≈.....
≈≈P≈≈≈≈≈≈≈P.≈PP≈P#**≈*≈≈≈≈≈≈#....
≈≈≈≈≈≈≈≈≈≈≈≈.PP#######*≈≈≈≈,#P..#
≈P≈≈≈≈≈≈≈≈≈≈≈ywD@≈≈..###***≈#....
.≈≈≈≈≈≈≈≈≈≈≈≈F#P≈≈P≈P≈..#####....
.≈≈≈≈≈≈≈≈≈≈####≈≈≈≈P≈≈≈≈≈≈≈##....
≈≈≈≈≈≈≈≈≈≈≈≈≈###≈≈≈≈≈≈≈≈..P#.....
≈P.≈≈≈≈≈≈≈≈≈≈≈###≈≈≈≈≈P.≈P.#...#.
≈.≈.≈≈≈≈≈≈≈≈P≈#≈≈P≈≈≈....P≈.....#
###≈.P.....≈≈≈≈≈≈≈≈..P....P≈...P.
..#*#≈...≈≈≈.P.....≈.P...P.......
..#####†≈....≈..≈........P.†.....


You could see a 16-headed hydra, a tyrant leech, a spiny frog and a vampire
mosquito.

Vanquished Creatures
  A tentacled starspawn (Abyss:2)
  A frost giant (IceCv)
  Nessos (D:13)
  The ghost of Wolfechu the Severer, a journeyman HOFi of Okawaru (Lair:6)
  A fire dragon (Volcano)
  Josephine (D:14)
  Snorg (D:12)
  A yaktaur captain (D:15)
  A rakshasa (Abyss:2)
  2 catoblepae
  5 hydras
  An anaconda (Lair:6)
  4 centaur warriors (D:15)
  A death knight (D:15)
  The ghost of 0gre the Basher, a novice MiBe of Trog (Lair:1)
  A hell hog (Volcano)
  An alligator (Lair:6)
  12 two-headed ogres
  A death yak (IceCv)
  2 unseen horrors
  4 sixfirhies
  An unseen horror (shapeshifter) (D:13)
  An orc knight (D:10)
  Pikel (D:4)
  An orb spider (Lair:3)
  7 ugly things
  An oklob plant (Lair:1)
  4 manticores
  4 deep elf magi
  2 cyclopes
  A large abomination (Abyss:2)
  3 centaur zombies
  13 elephants
  Joseph (D:8)
  2 black mambas
  An ice statue (IceCv)
  A molten gargoyle (Volcano)
  An eye of devastation (Lair:5)
  An apocalypse crab (Abyss:2)
  19 spiny frogs
  A gargoyle (D:13)
  6 centaur skeletons
  A kobold demonologist (D:15)
  3 efreet (D:15)
  2 yaktaurs (D:15)
  3 rime drakes
  7 komodo dragons
  A hellwing (Abyss:2)
  2 ancient zymes (Abyss:2)
  6 meliai (D:15)
  A queen bee (Lair:3)
  24 blink frogs
  7 trolls
  Grinder (D:3)
  15 polar bears
  2 tyrant leeches (Lair:6)
  3 raiju (Abyss:2)
  11 hippogriffs
  A slime creature (D:11)
  5 dream sheep (Lair:4)
  A ynoxinul (Abyss:2)
  A flying skull (Abyss:2)
  6 wraiths
  A shadow (D:14)
  57 yaks
  7 wyverns
  Eustachio (D:5)
  13 humans
  8 fire bats (Volcano)
  5 hungry ghosts
  5 basilisks
  2 steam dragons (Volcano)
  12 vampire mosquitoes
  Edmund (D:4)
  A warg (D:10)
  A soldier ant (D:12)
  13 water moccasins
  5 porcupines
  An acid dragon (D:11)
  2 hell hounds (Volcano)
  Purgy (D:3)
  9 orc warriors
  2 ice beasts
  A sky beast (D:8)
  15 ogres
  A black bear (D:11)
  4 eyes of draining
  7 phantoms
  26 wolves
  12 centaurs
  11 crocodiles
  30 bullfrogs
  4 big kobolds
  A gnoll sergeant (D:5)
  A wyvern skeleton (D:11)
  4 scorpions
  4 small abominations (Abyss:2)
  26 killer bees (Lair:3)
  12 wights
  3 howler monkeys
  7 lava snakes (Volcano)
  2 bullfrog zombies
  9 hounds
  3 quasits
  6 crimson imps
  A starcursed mass (D:14)
  15 orc priests
  2 bullfrog skeletons
  An iron imp (Abyss:2)
  15 jellies
  6 orc wizards
  5 iguanas
  Natasha (twice) (D:4)
  A hell rat (Lair:3)
  8 worker ants
  Terence (D:3)
  A hound zombie (D:9)
  A hound skeleton (D:7)
  2 worker ant zombies
  10 gnolls
  A river rat (Lair:3)
  10 adders
  5 shadow imps
  An ufetubus (Abyss:2)
  10 oozes
  4 worms
  A dart slug (D:3)
  4 leopard geckos
  53 orcs
  15 giant cockroaches
  8 goblins
  9 hobgoblins
  9 jackals
  25 kobolds
  6 quokkas
  6 bats
  4 frilled lizards
  A leopard gecko skeleton (D:5)
  A quokka skeleton (D:5)
  4 rats
  A spectral orc (D:3)
  A lurking horror (Abyss:2)
  3 plants
  2 starspawn tentacles (Abyss:2)
810 creatures vanquished.

Vanquished Creatures (collateral kills)
  A tentacled starspawn (Abyss:2)
  A hydra (Lair:6)
  A two-headed ogre (D:13)
  An orc knight (D:13)
  A komodo dragon (Lair:6)
  A rime drake (Lair:6)
  A snapping turtle (shapeshifter) (Abyss:2)
  2 raiju (Abyss:2)
  A ynoxinul (Abyss:2)
  A basilisk (D:10)
  4 humans (D:13)
  A yak (Lair:6)
  A large abomination (Abyss:2)
  3 wights (D:13)
  A jelly (D:10)
  2 gnolls (D:10)
  An orc (D:13)
  A starspawn tentacle (Abyss:2)
25 creatures vanquished.

Vanquished Creatures (others)
  A polar bear (IceCv)
  2 yaks (IceCv)
  2 slaves (D:4)
  Natasha (D:4)
  4 gnolls (D:4)
  A rat (D:4)
  18 fungi
  25 plants
  2 starspawn tentacles (Abyss:2)
56 creatures vanquished.

Grand Total: 891 creatures vanquished

Notes
Turn   | Place    | Note
-------+----------+-------------------------------------------
     0 | D:1      | tryptr the Minotaur Berserker began the quest for the Orb.
     0 | D:1      | Reached XP level 1. HP: 19/19 MP: 0/0
   239 | D:1      | Reached XP level 2. HP: 27/27 MP: 1/1
   606 | D:2      | Reached skill level 4 in Fighting
   606 | D:2      | Reached skill level 4 in Axes
   616 | D:2      | Reached XP level 3. HP: 30/33 MP: 2/2
   634 | D:2      | Reached skill level 3 in Armour
   650 | D:2      | Found a shattered altar of Ashenzari.
   655 | D:2      | Reached ** piety under Trog
   823 | D:2      | Found a burning altar of Makhleb.
   834 | D:2      | Reached skill level 3 in Dodging
   834 | D:2      | Reached XP level 4. HP: 25/41 MP: 3/3
  1243 | D:2      | Found an iron altar of Okawaru.
  1509 | D:2      | Found a glowing golden altar of the Shining One.
  1729 | D:3      | Noticed Purgy
  1736 | D:3      | Killed Purgy
  1736 | D:3      | Reached skill level 5 in Fighting
  1736 | D:3      | Reached skill level 4 in Armour
  1736 | D:3      | Reached XP level 5. HP: 48/48 MP: 4/4
  1788 | D:3      | Noticed Terence
  1797 | D:3      | Killed Terence
  1800 | D:3      | Reached skill level 5 in Axes
  1839 | D:3      | Reached skill level 4 in Dodging
  1839 | D:3      | Reached XP level 6. HP: 56/56 MP: 5/5
  1867 | D:3      | Noticed Grinder
  1877 | D:3      | Killed Grinder
  1877 | D:3      | Reached *** piety under Trog
  2098 | D:3      | Reached XP level 7. HP: 62/62 MP: 6/6
  2150 | D:3      | Found a shadowy altar of Dithmenos.
  2157 | D:3      | Found an opulent altar of Gozag.
  2405 | D:3      | Found a basalt altar of Yredelemnul.
  2534 | D:4      | Reached skill level 6 in Fighting
  2638 | D:4      | Reached skill level 6 in Axes
  2638 | D:4      | Reached skill level 5 in Armour
  2638 | D:4      | Reached skill level 5 in Dodging
  2736 | D:4      | Noticed Pikel
  2743 | D:4      | Paralysed by Pikel for 7 turns
  2753 | D:4      | Killed Pikel
  2753 | D:4      | Reached skill level 7 in Fighting
  2753 | D:4      | Reached skill level 6 in Armour
  2753 | D:4      | Reached XP level 8. HP: 73/73 MP: 7/7
  2823 | D:4      | Noticed Natasha
  2828 | D:4      | Killed Natasha
  2905 | D:4      | Noticed Natasha
  2912 | D:4      | Killed Natasha
  2912 | D:4      | Reached skill level 6 in Dodging
  2950 | D:4      | Killed Natasha
  3189 | D:4      | Noticed Edmund
  3198 | D:4      | Killed Edmund
  3198 | D:4      | Reached skill level 7 in Axes
  3298 | D:4      | Found a hazy altar of Hepliaklqana.
  3598 | D:5      | Entered Level 5 of the Dungeon
  3721 | D:5      | Reached **** piety under Trog
  3999 | D:5      | Found a shadowy altar of Dithmenos.
  3999 | D:5      | Noticed Eustachio
  4020 | D:5      | Killed Eustachio
  4020 | D:5      | Reached skill level 7 in Armour
  4134 | D:5      | Reached skill level 8 in Fighting
  4519 | D:5      | Reached XP level 9. HP: 79/81 MP: 8/8
  4554 | D:6      | Reached skill level 7 in Dodging
  4575 | D:6      | Reached skill level 8 in Axes
  5395 | D:7      | Found a staircase to the Ecumenical Temple.
  5466 | D:7      | Found a sacrificial altar of Ru.
  5489 | D:7      | Reached skill level 8 in Armour
  6000 | D:8      | Reached skill level 9 in Fighting
  6178 | D:8      | Reached skill level 9 in Axes
  6308 | D:8      | Reached skill level 10 in Axes
  6451 | D:8      | Reached ***** piety under Trog
  6451 | D:8      | Reached XP level 10. HP: 91/91 MP: 9/9
  6642 | D:8      | Noticed Joseph
  6657 | D:8      | Killed Joseph
  6657 | D:8      | Reached skill level 11 in Axes
  6908 | D:8      | Noticed a two-headed ogre
  6913 | D:8      | Killed a two-headed ogre
  6913 | D:8      | Reached skill level 12 in Axes
  6951 | D:8      | Got an ancient plate armour
  6964 | D:8      | Identified the +6 plate armour of Teugical {rC+ Stlth+} (You found it on level 8 of the Dungeon)
  7112 | D:8      | Noticed a red ugly thing
  7123 | D:8      | Killed a red ugly thing
  7304 | D:8      | Reached skill level 13 in Axes
  7501 | D:9      | Got a brightly glowing chain mail
  7644 | D:9      | Noticed a two-headed ogre
  7651 | D:9      | Killed a two-headed ogre
  7651 | D:9      | Reached skill level 14 in Axes
  7981 | D:9      | Reached XP level 11. HP: 46/97 MP: 10/10
  8471 | D:10     | Entered Level 10 of the Dungeon
  8495 | D:10     | Received a gift from Trog
  8512 | D:10     | Found a staircase to the Orcish Mines.
  8521 | D:10     | Reached skill level 15 in Axes
  8586 | D:10     | Identified the +8 chain mail "Nususson" {rC+ MR- Str+3} (You found it on level 9 of the Dungeon)
  8691 | D:10     | Found a staircase to the Lair.
  8859 | D:10     | Noticed an orc knight
  8886 | D:10     | Killed an orc knight
  8886 | D:10     | Reached skill level 16 in Axes
  9526 | D:11     | Found a viscous altar of Jiyva.
 10068 | D:11     | Noticed a green ugly thing
 10076 | D:11     | Noticed a two-headed ogre
 10077 | D:11     | Noticed a two-headed ogre
 10120 | D:11     | Killed a two-headed ogre
 10133 | D:11     | Killed a two-headed ogre
 10133 | D:11     | Reached skill level 17 in Axes
 10227 | D:11     | Noticed a brown ugly thing
 10237 | D:11     | Killed a brown ugly thing
 10248 | D:11     | Got a polished leather armour
 10304 | D:11     | Killed a green ugly thing
 10315 | D:11     | Reached XP level 12. HP: 47/104 MP: 11/11
 10441 | D:11     | Noticed a five-headed hydra
 10449 | D:11     | Killed an eight-headed hydra
 10449 | D:11     | Received a gift from Trog
 10533 | D:11     | Noticed a two-headed ogre
 10588 | D:12     | Reached skill level 18 in Axes
 10640 | D:12     | Found a corrupted altar of Lugonu.
 10943 | D:12     | Gained mutation: You are frail. (-10% HP) [potion of mutation]
 10943 | D:12     | Gained mutation: You possess an exceptional clarity of mind. [potion of mutation]
 10943 | D:12     | Gained mutation: You evolve. [potion of mutation]
 10961 | D:12     | Lost mutation: You possess an exceptional clarity of mind. [potion of mutation]
 10961 | D:12     | Lost mutation: You are frail. (-10% HP) [potion of mutation]
 10961 | D:12     | Lost mutation: You evolve. [potion of mutation]
 10961 | D:12     | Gained mutation: You are clumsy. (Dex -2) [potion of mutation]
 10961 | D:12     | Gained mutation: You tend to lose your temper in combat. [potion of mutation]
 10961 | D:12     | Gained mutation: You are partially covered in rugged brown scales. (AC +1, +3% HP) [potion of mutation]
 10961 | D:12     | Gained mutation: You are somewhat resistant to further mutation. [potion of mutation]
 10962 | D:12     | Lost mutation: You are somewhat resistant to further mutation. [potion of mutation]
 10962 | D:12     | Lost mutation: You are clumsy. (Dex -2) [potion of mutation]
 10962 | D:12     | Lost mutation: You tend to lose your temper in combat. [potion of mutation]
 10962 | D:12     | Gained mutation: You are agile. (Dex +2) [potion of mutation]
 10962 | D:12     | Gained mutation: Your spells are a little harder to cast, but a little more powerful. [potion of mutation]
 10962 | D:12     | Gained mutation: You tend to lose your temper in combat. [potion of mutation]
 10962 | D:12     | Gained mutation: Your spells are harder to cast, but more powerful. [potion of mutation]
 11029 | D:12     | Noticed Snorg
 11049 | D:12     | Killed Snorg
 11093 | D:12     | Found a portal to a secret trove of treasure.
 11136 | D:12     | Noticed a two-headed ogre
 11144 | D:12     | Killed a two-headed ogre
 11155 | D:12     | Lost mutation: You tend to lose your temper in combat. [potion of mutation]
 11155 | D:12     | Lost mutation: You are agile. (Dex +2) [potion of mutation]
 11155 | D:12     | Lost mutation: Your spells are harder to cast, but more powerful. [potion of mutation]
 11155 | D:12     | Gained mutation: You are resistant to hostile enchantments. (MR+) [potion of mutation]
 11155 | D:12     | Gained mutation: Your muscles are strong. (Str +2) [potion of mutation]
 11155 | D:12     | Gained mutation: You are partially covered in iridescent scales. (AC +2) [potion of mutation]
 11299 | D:12     | Noticed a two-headed ogre
 11308 | D:12     | Killed a two-headed ogre
 11308 | D:12     | Reached skill level 19 in Axes
 11392 | D:13     | Found a gate to the Vaults.
 11392 | D:13     | Noticed a two-headed ogre
 11392 | D:13     | Noticed Nessos
 11402 | D:13     | Killed a two-headed ogre
 11412 | D:13     | Killed Nessos
 11421 | D:13     | Reached skill level 20 in Axes
 11646 | D:13     | Noticed a two-headed ogre
 11657 | D:13     | Killed a two-headed ogre
 11769 | D:13     | Noticed an eight-headed hydra
 11774 | D:13     | Killed a ten-headed hydra
 11893 | D:13     | Received a gift from Trog
 11894 | D:13     | Reached XP level 13. HP: 109/114 MP: 12/12
 12423 | D:14     | Reached skill level 21 in Axes
 12597 | D:14     | Noticed Josephine
 12602 | D:14     | Killed Josephine
 13027 | D:14     | Noticed Louise
 13030 | D:14     | Cast into level 2 of the Abyss (Louise)
 13050 | Abyss:2  | Found a snail-covered altar of Cheibriados.
 13111 | Abyss:2  | Found a corrupted altar of Lugonu.
 13182 | Abyss:2  | Found a roughly hewn altar of Beogh.
 13185 | Abyss:2  | Received a gift from Trog
 13229 | Abyss:2  | Reached skill level 22 in Axes
 13424 | Abyss:2  | HP: 21/114 [raiju/living lightning (17)]
 13435 | Abyss:2  | Noticed a tentacled starspawn
 13443 | Abyss:2  | Killed a tentacled starspawn
 13456 | Abyss:2  | Noticed a tentacled starspawn
 13469 | Abyss:2  | Noticed a starcursed mass
 13474 | Abyss:2  | Gained mutation: You are dopey. (Int -2) [a neqoxec]
 13506 | Abyss:2  | Killed a tentacled starspawn
 13510 | D:14     | Escaped the Abyss
 13512 | D:14     | HP: 20/114 [blink frog (12)]
 13515 | D:14     | HP: 9/114 [starcursed mass/accursed screaming (6)]
 13684 | D:14     | Reached XP level 14. HP: 121/121 MP: 0/13
 13715 | D:14     | Reached skill level 23 in Axes
 13952 | D:15     | Entered Level 15 of the Dungeon
 14122 | D:15     | HP: 23/121 [meliai/divine providence (14)]
 14778 | D:15     | Reached skill level 24 in Axes
 14885 | D:15     | Found a shattered altar of Ashenzari.
 15204 | D:15     | Found a staircase to the Depths.
 15513 | Lair:1   | Entered Level 1 of the Lair of Beasts
 15563 | Lair:1   | Noticed 0gre's ghost (novice MiBe)
 15569 | Lair:1   | Killed 0gre's ghost
 15642 | Lair:1   | Found a hide-covered altar of Uskayaw.
 15707 | Lair:1   | Got a coiled silver ring
 15725 | Lair:1   | Identified Nariunux's Arcane Arts Continued
 15984 | Lair:1   | Identified the ring of Optimism {rCorr Int+2} (You found it on level 1 of the Lair of Beasts)
 16685 | Lair:2   | Received a gift from Trog
 17421 | Lair:3   | Reached skill level 25 in Axes
 17604 | Lair:3   | Found a hole to the Spider Nest.
 17913 | Lair:3   | Found a staircase to the Shoals.
 17964 | Lair:3   | Received a gift from Trog
 17967 | Lair:3   | Reached XP level 15. HP: 127/127 MP: 4/14
 17972 | Lair:3   | Got a pitted halberd {god gift}
 17973 | Lair:3   | Identified the +11 halberd of Impatience {vamp, +Rage rN+} (Trog gifted it to you on level 3 of the Lair of Beasts)
 18301 | Lair:4   | Reached skill level 1 in Throwing
 18301 | Lair:4   | Reached skill level 8 in Dodging
 18708 | Lair:4   | Found a dark tunnel.
 18718 | Volcano  | Entered a volcano
 18884 | Volcano  | Reached skill level 2 in Throwing
 18911 | Volcano  | Found a radiant altar of Vehumet.
 19337 | Lair:5   | Found a staircase to the Slime Pits.
 19429 | Lair:5   | Reached skill level 3 in Throwing
 19545 | Lair:5   | Received a gift from Trog
 19848 | Lair:5   | Reached skill level 10 in Fighting
 19852 | Lair:5   | Reached skill level 9 in Dodging
 20094 | Lair:6   | Entered Level 6 of the Lair of Beasts
 20094 | Lair:6   | Noticed Wolfechu's ghost (journeyman HOFi)
 20105 | Lair:6   | Killed Wolfechu's ghost
 20108 | Lair:6   | Received a gift from Trog
 20167 | Lair:6   | Reached skill level 4 in Throwing
 20320 | Lair:6   | Found a frozen archway.
 20338 | IceCv    | Entered an ice cave
 20491 | IceCv    | Reached skill level 5 in Throwing
 20712 | IceCv    | Received a gift from Trog
 20726 | IceCv    | Reached skill level 11 in Fighting
 20782 | IceCv    | Noticed a frost giant
 20799 | IceCv    | Killed a frost giant
 21175 | Lair:6   | Reached skill level 10 in Dodging
 21256 | Lair:6   | Reached XP level 16. HP: 141/141 MP: 15/15
 21258 | Lair:6   | Reached skill level 6 in Throwing
 21490 | Lair:6   | HP: 50/213 [15-headed hydra (6)]
 21494 | Lair:6   | HP: 23/213 [16-headed hydra (5)]
 21494 | Lair:6   | HP: 10/213 [16-headed hydra (4)]
 21494 | Lair:6   | Slain by a 16-headed hydra

Skill      XL: |  1  2  3  4  5  6  7  8  9 10 11 12 13 14 15 16 |
---------------+-------------------------------------------------+-----
Fighting       | 4 5 7 8 9 11 | 11.4
Axes           | 4 5 6 7 10 14 17 20 22 25 | 25.8
Armour         | 3 4 6 7 8 |  8.3
Dodging        | 3 4 5 6 7 10 | 10.1
Throwing       | 5 6 |  6.1

Action                   |  1- 3 |  4- 6 |  7- 9 | 10-12 | 13-15 | 16-18 || total
-------------------------+-------+-------+-------+-------+-------+-------++-------
Melee: Hand axe          |    50 |    78 |   181 |       |       |       ||   309
       Headbutt          |     9 |    18 |    61 |   120 |   242 |    10 ||   460
       War axe           |       |       |   104 |   342 |       |       ||   446
       Broad axe         |       |       |       |   158 |     5 |       ||   163
       Executioner's axe |       |       |       |       |   574 |       ||   574
       Halberd           |       |       |       |       |   577 |    46 ||   623
Throw: Tomahawk          |       |       |    18 |       |       |       ||    18
Invok: Berserk           |     1 |     3 |    11 |    15 |     5 |     1 ||    36
       Burn Spellbooks   |       |       |       |     3 |     8 |       ||    11
       Brothers in Arms  |       |       |       |     3 |     8 |       ||    11
       Trog's Hand       |       |       |       |       |     7 |       ||     7
Evoke: Lightning rod     |       |       |       |     1 |       |       ||     1
       Wand              |       |       |       |       |     9 |       ||     9
  Use: Scroll            |       |     6 |       |     7 |    19 |       ||    32
       Potion            |       |     1 |       |    12 |     7 |       ||    20
 Stab: Sleeping          |     1 |       |       |       |       |       ||     1
       Distracted        |       |       |       |       |     1 |       ||     1
  Eat: Chunk             |       |     8 |    22 |    31 |    31 |     1 ||    93
       Fruit             |       |       |     2 |       |    11 |       ||    13
       Royal jelly       |       |       |       |     2 |     4 |       ||     6
Armor: Animal skin       |     7 |       |       |       |       |       ||     7
       Ring mail         |       |    17 |    11 |       |       |       ||    28
       Chain mail        |       |       |   120 |   208 |   737 |    92 ||  1157
       Plate armour      |       |       |       |    81 |       |       ||    81
Dodge: Dodged            |    26 |    60 |   166 |   266 |   706 |    92 ||  1316

Vault maps used:
D:1:      minmay_arrival_radiant_lines
D:2:      minmay_roachtagon, evilmike_ruin_ashenzari, okawaru_gym_becter,
          makhleb_heckhound_becter, nicolae_tso_carved_into_rock
D:3:      yredelemnul_forgotten_temple_becter, minitemple, uniq_grinder,
          uniq_terence, uniq_purgy
D:4:      lemuel_coloured_pillars_altar, uniq_edmund, uniq_pikel, uniq_natasha
D:5:      basic_altar, first_bread, uniq_eustachio
D:7:      nicolae_ru_awakened_eye, temple_pool_b
D:8:      minmay_quarter_circles, uniq_joseph
D:10:     david_lair_generic, erik_orc_4
D:11:     kennysheep_windowed_halls, blue_anna_alchemist, jiyva_altar_1
D:12:     enter_trove_0, tgw_lugonu_bribe, uniq_snorg
D:13:     lemuel_slime, david_vaults_3, minmay_misc_feat_chi
D:14:     serial_bayou_ford_a, uniq_josephine, uniq_louise
D:15:     grunt_enter_depths_snipers, hangedman_decor_push, basic_altar,
          serial_bayou_crossing
Lair:1:   dpeg_oklob_gauntlet, lemuel_oklob_altar, lemuel_fruit_fields
Lair:3:   regret_index_tunnel_blossom, minmay_shoals_entry_beasts,
          nicolae_spider_entry_orb_guardian
Lair:4:   enter_volcano_1
Lair:5:   minmay_slime_entry_eyes, infiniplex_staircase_pool_2
Lair:6:   minmay_lair_end_frog_pond, portal_ice_cave_entry_pillars_2,
          minivault_11, hangedman_lair_generics_rect
IceCv:    ice_cave_caverns_02
Volcano:  volcano_grotto

Table legend:
 A = Turns spent in this place as a percentage of turns spent in the entire game.
 B = Non-inter-level travel turns spent in this place as a percentage of non-inter-level travel turns spent in the entire game.
 C = Inter-level travel turns spent in this place as a percentage of turns spent in this place.
 D = Turns resting spent in this place as a percentage of non-inter-level travel turns spent in this place.
 E = Turns spent auto-exploring this place as a percentage of non-inter-level travel turns spent in this place.
 F = Non-inter-level travel turns spent in this place divided by the number of levels of this place that you've seen.
                   A       B       C       D       E      F
               +-------+-------+-------+-------+-------+----------------------
         Total | 100.0 | 100.0 |   0.8 |   3.6 |   8.4 | 290.3
       Dungeon |  61.0 |  60.9 |   0.9 |   5.3 |   9.6 | 283.0
          Lair |  24.8 |  24.7 |   1.2 |   1.0 |   7.4 | 287.0
         Abyss |   4.9 |   4.9 |   0.0 |   2.3 |   4.4 | 344.0
      Ice Cave |   5.8 |   5.9 |   0.0 |   0.5 |   5.1 | 408.0
       Volcano |   3.5 |   3.6 |   0.0 |   0.0 |   5.6 | 249.0
               +-------+-------+-------+-------+-------+----------------------

Table legend:
 A = Kills in this place as a percentage of kills in entire the game.
 B = Kills by you in this place as a percentage of kills by you in the entire game.
 C = Kills by friends in this place as a percentage of kills by friends in the entire game.
 D = Other kills in this place as a percentage of other kills in the entire game.
 E = Experience gained in this place as a percentage of experience gained in the entire game.
 F = Experience gained in this place divided by the number of levels of this place that you have seen.
                   A       B       C       D       E      F
               +-------+-------+-------+-------+-------+----------------------
         Total | 100.0 | 100.0 | 100.0 | 100.0 | 100.0 | 6536.5
       Dungeon |  61.3 |  61.4 |  58.3 |   0.0 |  48.1 | 5029.1
          Lair |  25.9 |  26.2 |  16.7 |   0.0 |  33.4 | 8735.0
         Abyss |   3.7 |   3.1 |  25.0 |   0.0 |   7.3 | 11459.0
      Ice Cave |   6.4 |   6.5 |   0.0 | 100.0 |   8.0 | 12604.0
       Volcano |   2.7 |   2.7 |   0.0 |   0.0 |   3.2 | 4968.0
               +-------+-------+-------+-------+-------+----------------------
